 Dungeon Crawl Stone Soup version 0.21-a0-1-gaf3b9a5 (webtiles) character file.

1612 Onaxys the Basher (level 8, 0/87 HPs)
             Began as an Ogre Berserker on May 20, 2017.
             Was a Priest of Trog.
             Slain by Prince Ribbit (14 damage)
             ... on level 7 of the Dungeon.
             The game lasted 00:34:59 (8713 turns).

Onaxys the Basher (Ogre Berserker)                  Turns: 8713, Time: 00:35:00

Health: 0/87       AC:  3    Str: 24    XL:     8   Next: 95%
Magic:  8/8        EV: 11    Int:  8    God:    Trog [***...]
Gold:   323        SH:  0    Dex:  8    Spells: 7/7 levels left

rFire    . . .     SeeInvis .   m - +0 giant club
rCold    . . .     Gourm    .   (shield currently unavailable)
rNeg     . . .     Faith    .   p - +0 robe
rPois    +         Spirit   .   (helmet restricted)
rElec    .         Reflect  .   (no cloak)
rCorr    .         Harm     .   (gloves unavailable)
MR       .....                  (boots unavailable)
Stlth    ++........             (no amulet)
Regen    0.3/turn               e - ring of poison resistance
MPRegen  0.2/turn               (no ring)

@: slowed, very slow
A: unfitting armour, tough skin 1
a: Berserk, Trog's Hand, Burn Spellbooks, Renounce Religion


You were on level 7 of the Dungeon.
You worshipped Trog.
Trog was most pleased with you.
You were very hungry.

You visited 1 branch of the dungeon, and saw 7 of its levels.

You collected 323 gold pieces.

Inventory:

Hand Weapons
 a - a +0 mace
 m - a +0 giant club (weapon)
Armour
 p - a +0 robe (worn)
Magical Staves
 b - an uncursed staff of poison {unknown}
Jewellery
 e - a ring of poison resistance (left hand)
 j - an uncursed ring of protection from fire {unknown}
Scrolls
 g - 5 scrolls of remove curse {unknown}
 h - 6 scrolls of identify {unknown}
 o - a scroll of recharging {unknown}
 q - 2 scrolls of amnesia {unknown}
 r - 2 scrolls of enchant weapon {unknown}
 s - a scroll of magic mapping {unknown}
 t - a scroll of noise {unknown}
 x - a scroll of teleportation {unknown}
 y - a scroll of enchant armour {unknown}
 z - a scroll of fear {unknown}
 D - a scroll of blinking {unknown}
Potions
 d - 2 potions of might {unknown}
 f - 2 potions of brilliance {unknown}
 i - a potion of haste {unknown}
 l - a potion of flight {unknown}
 n - a potion of heal wounds {unknown}
 u - 2 potions of curing {unknown}
 v - a potion of cancellation {unknown}
 A - a potion of agility {unknown}
Comestibles
 c - 4 bread rations
 k - 4 meat rations
 w - 2 fruits
 C - a royal jelly


   Skills:
 + Level 7.2 Fighting
 + Level 8.3 Maces & Flails
 + Level 4.8 Dodging
 + Level 1.7 Stealth


You had 7 spell levels left.
You didn't know any spells.

Dungeon Overview and Level Annotations

Branches:
Dungeon (7/15)             Temple (0/1) D:4

Altars:
Ashenzari
Dithmenos
Gozag
Sif Muna

Shops:
D:4 *

Annotations:
D:7 Prince Ribbit


Innate Abilities, Weirdness & Mutations

You are too large for most types of armour.
You have tough skin. (AC +1)


Message History

You closely miss Prince Ribbit.
You feel the effects of Trog's Hand fading.
Prince Ribbit closely misses you. x2; Prince Ribbit barely misses you.
You closely miss Prince Ribbit. Prince Ribbit closely misses you.
Prince Ribbit hits you.
You barely miss Prince Ribbit. Prince Ribbit hits you! x2
* * * LOW HITPOINT WARNING * * *
Prince Ribbit blinks!
Prince Ribbit blinks!
Your skin stops crawling.
You feel less resistant to hostile enchantments.
Prince Ribbit blinks!
You hit Prince Ribbit.
Prince Ribbit is lightly wounded.
Prince Ribbit hits you!
* * * LOW HITPOINT WARNING * * *
Prince Ribbit barely misses you.
You are feeling very hungry.
Prince Ribbit hits you!
You die...

#..........#.... #.......#.....#
#............### .....
#.......#......# .#.. #
##..(((.#...# ... .#
###%.(##.#....### ###..#..##
####...(##.(......<.
#...(.......##..........(........
...............#@##$.........###.
......../ ... #F.##..........# ##
.<....F.. . #.##...........# #
...J..... #....#.........#
...................#.........#
..............<..###########...
.....$......$....# ....
#.....#........... .## #######
###......##


You could see Prince Ribbit.

Vanquished Creatures
  Sigmund (D:3)
  An ice beast (D:5)
  A black bear (D:6)
  2 ogres (D:4)
  2 centaurs
  A gnoll sergeant (D:5)
  A wyvern zombie (D:6)
  2 scorpions
  A howler monkey (D:4)
  A crimson imp (D:5)
  A jelly (D:7)
  3 orc priests
  An iguana (D:4)
  3 orc wizards
  2 bullfrog skeletons
  5 worker ants
  4 gnolls (D:5)
  A howler monkey skeleton (D:7)
  6 adders
  A shadow imp (D:6)
  2 oozes
  2 adder skeletons
  2 worms
  2 leopard geckos
  12 orcs
  3 giant cockroaches
  9 goblins
  10 hobgoblins
  5 jackals
  8 kobolds
  2 quokkas (D:2)
  5 ball pythons
  4 bats
  5 frilled lizards
  2 leopard gecko skeletons
  8 rats
121 creatures vanquished.

Notes
Turn   | Place    | Note
-------+----------+-------------------------------------------
     0 | D:1      | Onaxys the Ogre Berserker began the quest for the Orb.
     0 | D:1      | Reached XP level 1. HP: 24/24 MP: 1/1
    67 | D:1      | Reached XP level 2. HP: 29/32 MP: 2/2
   180 | D:1      | Reached skill level 3 in Maces & Flails
   441 | D:1      | Reached XP level 3. HP: 36/40 MP: 3/3
   869 | D:2      | Reached ** piety under Trog
  1401 | D:2      | Reached XP level 4. HP: 19/49 MP: 4/4
  2382 | D:3      | Reached skill level 4 in Maces & Flails
  2391 | D:3      | Reached XP level 5. HP: 29/55 MP: 5/5
  2563 | D:3      | Noticed Sigmund
  2891 | D:3      | Killed Sigmund
  2891 | D:3      | Reached skill level 5 in Fighting
  2891 | D:3      | Reached XP level 6. HP: 52/66 MP: 6/6
  3373 | D:3      | Reached skill level 5 in Maces & Flails
  3634 | D:4      | Reached XP level 7. HP: 48/74 MP: 7/7
  3659 | D:4      | Reached *** piety under Trog
  4275 | D:4      | Found a staircase to the Ecumenical Temple.
  4322 | D:4      | Found Gozag's Platinum Reserve.
  4350 | D:4      | Reached skill level 6 in Maces & Flails
  4898 | D:4      | Reached skill level 1 in Stealth
  4907 | D:4      | Found an opulent altar of Gozag.
  5414 | D:4      | Found a deep blue altar of Sif Muna.
  5415 | D:4      | Found a shattered altar of Ashenzari.
  5573 | D:5      | Entered Level 5 of the Dungeon
  5795 | D:5      | Reached XP level 8. HP: 78/83 MP: 8/8
  5808 | D:5      | Found a shattered altar of Ashenzari.
  5876 | D:5      | HP: 4/124 [centaur/shortbow (4)]
  5879 | D:5      | Reached skill level 7 in Maces & Flails
  7395 | D:6      | Found a shadowy altar of Dithmenos.
  7777 | D:6      | Reached skill level 8 in Maces & Flails
  8310 | D:7      | Noticed Prince Ribbit
  8713 | D:7      | Slain by Prince Ribbit

Vault maps used:
D:1:      eino_arrival_water_cross, wad_floor_pattern_1,
          minmay_shallow_snake_nest
D:2:      interstate_on_off, grunt_ministairs_1
D:3:      uniq_sigmund
D:4:      nicolae_gozag_zags_fifth_avenue, nicolae_overflow_hidden_temple,
          minmay_temple_entry_enclosed_plants
D:5:      first_bread, cheibrodos_ashenzari_chains
D:6:      basic_altar
D:7:      uniq_prince_ribbit1

Skill      XL: |  1  2  3  4  5  6  7  8 |
---------------+-------------------------+-----
Maces & Flails | 3 4 5 6 8 |  8.3
Dodging        | 3 4 |  4.8
Fighting       | 5 6 7 |  7.2
Stealth        | 1 |  1.7

Action                   |  1- 3 |  4- 6 |  7- 9 || total
-------------------------+-------+-------+-------++-------
Melee: Mace              |    97 |   149 |    10 ||   256
       Giant club        |       |       |   168 ||   168
Invok: Berserk           |       |     1 |     4 ||     5
       Trog's Hand       |       |       |     5 ||     5
 Stab: Sleeping          |       |       |     1 ||     1
  Eat: Chunk             |     2 |     3 |    11 ||    16
       Royal jelly       |       |     1 |     1 ||     2
       Bread ration      |       |     1 |     1 ||     2
       Fruit             |       |       |     2 ||     2
Armor: Animal skin       |    39 |       |       ||    39
       Robe              |     6 |    36 |    35 ||    77
Dodge: Dodged            |    66 |    67 |   122 ||   255
